[Event "58th Akiba Rubinstein C 2022"]
[Site "Polanica-Zdroj"]
[Date "2022.08.19"]
[Round "7.7"]
[White "Krupa, Jerzy"]
[Black "Szylko, Waldemar"]
[Result "0-1"]
[ECO "B15"]
[WhiteElo "1771"]
[BlackElo "1911"]
[Annotator "NA RC"]
[PlyCount "80"]
[EventDate "2022.08.13"]
[EventCountry "POL"]
[SourceTitle "playchess.com"]
[Source "ChessBase"]
[SourceQuality "1"]
[TimeControl "40/5400+30:1800+30"]

1. e4 c6 2. d4 d5 3. f3 dxe4 4. Nc3 Nf6 5. Bc4 e3 6. Bxe3 Bf5 7. Nge2 e6 8. g4 Bg6 9. h4 h6 10. Nf4 Bh7 11. Qd2 Nd5 12. O-O-O Bb4 13. g5 Bf5 14. Nfxd5 cxd5 15. Bb5+ Nc6 16. gxh6 gxh6 17. Bxh6 Rc8 18. Qg5 Qa5 19. Qf6 Rxh6 20. Qxh6 Bxc3 21. bxc3 Qxb5 22. Rh2 Na5 23. Rg1 Nc4 24. Kd1 Qb2 25. Rg8+ Kd7 26. Rxc8 Kxc8 27. Qf8+ Kc7 28. Qe7+ Kc6 29. Qe8+ Kb6 30. Qd8+ Ka6 31. Qg5 Qxc3 32. Qf4 Nb2+ 33. Ke2 Qxc2+ 34. Qd2 Qc4+ 35. Kf2 Nd3+ 36. Ke3 Qc7 37. Rh1 Qf4+ 38. Ke2 Qxd4 39. Kf1 Qe5 40. h5 Qg3 0-1

[Event "58th Akiba Rubinstein C 2022"]
[Site "Polanica-Zdroj"]
[Date "2022.08.19"]
[Round "7.8"]
[White "Grubiak, Roman"]
[Black "Krasowski, Slawomir"]
[Result "1-0"]
[ECO "B08"]
[WhiteElo "1637"]
[BlackElo "1855"]
[Annotator "NA RC"]
[PlyCount "63"]
[EventDate "2022.08.13"]
[EventCountry "POL"]
[SourceTitle "playchess.com"]
[Source "ChessBase"]
[SourceQuality "1"]
[TimeControl "40/5400+30:1800+30"]

1. d4 Nf6 2. Nf3 g6 3. Nc3 Bg7 4. e4 d6 5. Bf4 O-O 6. Qd2 c6 7. h3 b5 8. Bd3 a6 9. O-O Bb7 10. Rfe1 c5 11. d5 b4 12. Nd1 Nbd7 13. c3 a5 14. Bh6 Qb6 15. Bxg7 Kxg7 16. c4 a4 17. e5 dxe5 18. Nxe5 Qd6 19. Nxd7 Nxd7 20. Ne3 Ne5 21. Ng4 Nxd3 22. Qxd3 e6 23. Rad1 exd5 24. cxd5 h5 25. Ne3 Ba6 26. Qc2 Bb5 27. b3 Rfe8 28. Qb2+ Kg8 29. Qd2 axb3 30. axb3 Ra3 31. Nc4 Bxc4 32. Rxe8+ 1-0

[Event "58th Akiba Rubinstein C 2022"]
[Site "Polanica-Zdroj"]
[Date "2022.08.19"]
[Round "7.9"]
[White "Chubar, Vladimir"]
[Black "Nisztuk, Michal"]
[Result "1-0"]
[ECO "D02"]
[WhiteElo "1809"]
[BlackElo "1548"]
[Annotator "NA RC"]
[PlyCount "81"]
[EventDate "2022.08.13"]
[EventCountry "POL"]
[SourceTitle "playchess.com"]
[Source "ChessBase"]
[SourceQuality "1"]
[TimeControl "40/5400+30:1800+30"]

1. d4 d5 2. Nf3 c5 3. c3 cxd4 4. cxd4 Nc6 5. Nc3 Nf6 6. Bf4 a6 7. e3 e6 8. Bd3 Bd6 9. Bg5 O-O 10. Rc1 Bd7 11. Bb1 Rc8 12. Qd3 Nb4 13. Qd2 a5 14. a3 Na6 15. Qd3 g6 16. Ne5 Be7 17. O-O Nc7 18. a4 Nh5 19. Bh6 Ng7 20. f4 Re8 21. g4 Bf6 22. Rc2 Bxe5 23. fxe5 Qh4 24. Bxg7 Kxg7 25. Rg2 Qg5 26. Rf4 Na6 27. Qf1 Rf8 28. Rgf2 Be8 29. Bd3 Nb4 30. Bb5 Nc6 31. Nb1 Rc7 32. Nd2 Qe7 33. Rf6 Nb4 34. Nf3 Bxb5 35. axb5 Nc2 36. Qd3 Nb4 37. Qa3 b6 38. Ng5 Kh6 39. e4 Rc1+ 40. Kg2 Rc2 41. Rxc2 1-0

[Event "58th Akiba Rubinstein C 2022"]
[Site "Polanica-Zdroj"]
[Date "2022.08.19"]
[Round "7.10"]
[White "Bukowska, Katarzyna"]
[Black "Gregulski, Zbigniew"]
[Result "1/2-1/2"]
[ECO "B17"]
[WhiteElo "1842"]
[BlackElo "1591"]
[Annotator "NA RC"]
[PlyCount "121"]
[EventDate "2022.08.13"]
[EventCountry "POL"]
[SourceTitle "playchess.com"]
[Source "ChessBase"]
[SourceQuality "1"]
[TimeControl "40/5400+30:1800+30"]

1. e4 c6 2. d4 d5 3. Nd2 dxe4 4. Nxe4 Nd7 5. Nf3 Ngf6 6. Ng3 e6 7. Bd3 Be7 8. O-O O-O 9. Re1 c5 10. c3 b6 11. Bg5 Bb7 12. Rc1 cxd4 13. cxd4 Rc8 14. Qe2 Re8 15. Bb5 Rf8 16. h3 Nd5 17. Bxe7 Qxe7 18. Qd2 N7f6 19. Nf5 Qd8 20. Rxc8 Bxc8 21. Ng3 Bb7 22. Ne5 Qd6 23. Rc1 Ne7 24. Be2 Rd8 25. a3 h6 26. Qe3 Ned5 27. Qd2 Ne7 28. Qe3 Bd5 29. Rc3 Bb7 30. Qd2 Ne4 31. Nxe4 Bxe4 32. Qf4 Bg6 33. Rf3 f6 34. Nxg6 Nxg6 35. Qg4 Nf8 36. Bc4 Qxd4 37. Bxe6+ Nxe6 38. Qxe6+ Kf8 39. Re3 Qd1+ 40. Re1 Qd6 41. Qe4 Kg8 42. Qc4+ Kh8 43. Qf7 Qd2 44. Re3 Qxb2 45. Rg3 f5 46. Qxf5 Rd1+ 47. Kh2 Qa1 48. Qc8+ Kh7 49. Qc2+ Kh8 50. Re3 Rd8 51. Qf5 Qd1 52. Qf7 Qd6+ 53. Rg3 Rd7 54. Qe8+ Kh7 55. Qe4+ Kh8 56. Qe8+ Kh7 57. Qe4+ Kh8 58. Qe8+ Kh7 59. Qe4+ Kh8 60. Qe8+ Kh7 61. Qe4+ 1/2-1/2

[Event "58th Akiba Rubinstein C 2022"]
[Site "Polanica-Zdroj"]
[Date "2022.08.19"]
[Round "7.11"]
[White "Tchorzewski, Kazimierz"]
[Black "Twarogiel, Tadeusz"]
[Result "1-0"]
[ECO "C00"]
[WhiteElo "1670"]
[BlackElo "1767"]
[Annotator "NA RC"]
[PlyCount "73"]
[EventDate "2022.08.13"]
[EventCountry "POL"]
[SourceTitle "playchess.com"]
[Source "ChessBase"]
[SourceQuality "1"]
[TimeControl "40/5400+30:1800+30"]

1. e4 e6 2. g3 d5 3. Bg2 Nf6 4. Nc3 Be7 5. d3 c6 6. h4 Nbd7 7. a3 h6 8. Nh3 Qb6 9. Qe2 d4 10. Nd1 e5 11. f4 Bd6 12. b3 Qc7 13. Nb2 b5 14. Bd2 O-O 15. f5 Nh7 16. g4 f6 17. g5 fxg5 18. hxg5 hxg5 19. Bxg5 Ndf6 20. Bf3 Bd7 21. Bh5 Nxh5 22. Qxh5 Be8 23. Qh4 g6 24. Bh6 Be7 25. Bg5 Bd8 26. O-O-O Nxg5 27. Nxg5 Qg7 28. Rdg1 a5 29. Qh2 Bxg5+ 30. Rxg5 Ra7 31. Rhg1 Qh7 32. Qxe5 Qe7 33. Qxd4 Rd7 34. Qc3 Qxa3 35. Rxg6+ Bxg6 36. Rxg6+ Kf7 37. Rg1 1-0

[Event "58th Akiba Rubinstein C 2022"]
[Site "Polanica-Zdroj"]
[Date "2022.08.19"]
[Round "7.12"]
[White "Wasik, Jozef"]
[Black "Kruczynski, Marek"]
[Result "0-1"]
[ECO "A45"]
[WhiteElo "1631"]
[BlackElo "1651"]
[Annotator "NA RC"]
[PlyCount "90"]
[EventDate "2022.08.13"]
[EventCountry "POL"]
[SourceTitle "playchess.com"]
[Source "ChessBase"]
[SourceQuality "1"]
[TimeControl "40/5400+30:1800+30"]

1. d4 Nf6 2. Nc3 d5 3. Bf4 c6 4. e3 Bf5 5. f3 Bg6 6. g4 e6 7. h4 h6 8. Bd3 Bxd3 9. Qxd3 b5 10. a3 Nbd7 11. Nge2 Be7 12. Ng3 Nh7 13. h5 Ng5 14. e4 Nb6 15. b3 a6 16. Nce2 O-O 17. Bxg5 hxg5 18. O-O c5 19. c3 c4 20. bxc4 Nxc4 21. Ra2 a5 22. a4 bxa4 23. Rfa1 a3 24. Nf1 Rb8 25. Ne3 Nxe3 26. Qxe3 a4 27. Nc1 Qc7 28. Rc2 Rb2 29. Ra2 Rfb8 30. Kg2 Qc4 31. Qd2 Rb1 32. Nd3 R8b3 33. Nc1 f6 34. Nd3 Kh7 35. Nc1 R1b2 36. Kf2 Kh6 37. Kg2 Bd6 38. exd5 exd5 39. Kg1 Bf4 40. Qd3 Qxd3 41. Nxd3 Be3+ 42. Kf1 Rxa2 43. Rxa2 Rxc3 44. Nb4 Bxd4 45. Ke2 Re3+ 0-1

[Event "58th Akiba Rubinstein C 2022"]
[Site "Polanica-Zdroj"]
[Date "2022.08.19"]
[Round "7.13"]
[White "Wrzos, Waldemar"]
[Black "Wielgus, Jerzy"]
[Result "1/2-1/2"]
[ECO "B01"]
[WhiteElo "1610"]
[BlackElo "1832"]
[Annotator "NA RC"]
[PlyCount "77"]
[EventDate "2022.08.13"]
[EventCountry "POL"]
[SourceTitle "playchess.com"]
[Source "ChessBase"]
[SourceQuality "1"]
[TimeControl "40/5400+30:1800+30"]

1. e4 d5 2. exd5 Nf6 3. Nc3 Nxd5 4. Nxd5 Qxd5 5. Nf3 e5 6. d3 Nc6 7. Be2 Bc5 8. O-O Bf5 9. Be3 Nd4 10. Nxd4 exd4 11. Bf3 Qd7 12. Bg5 O-O 13. a3 c6 14. Re1 h6 15. Bh4 Rfe8 16. Qd2 g5 17. Bg3 Bd6 18. Bxd6 Qxd6 19. Rxe8+ Rxe8 20. Re1 Rxe1+ 21. Qxe1 Qe6 22. Qxe6 Bxe6 23. g4 Kg7 24. Kg2 Kf6 25. Kg3 Ke5 26. Be4 a5 27. c4 f5 28. gxf5 Bxf5 29. Bxf5 Kxf5 30. b4 axb4 31. axb4 b6 32. h3 h5 33. f3 h4+ 34. Kg2 Ke5 35. Kf1 Kf5 36. Ke2 Kf6 37. Kf2 Ke5 38. Ke2 Kf4 39. Kf2 1/2-1/2

[Event "58th Akiba Rubinstein C 2022"]
[Site "Polanica-Zdroj"]
[Date "2022.08.19"]
[Round "7.14"]
[White "Uscinski, Marek"]
[Black "Sobotka, Jan"]
[Result "1/2-1/2"]
[ECO "D03"]
[WhiteElo "1824"]
[BlackElo "1594"]
[Annotator "NA RC"]
[PlyCount "91"]
[EventDate "2022.08.13"]
[EventCountry "POL"]
[SourceTitle "playchess.com"]
[Source "ChessBase"]
[SourceQuality "1"]
[TimeControl "40/5400+30:1800+30"]

1. d4 d5 2. Nf3 Nf6 3. Bg5 Bf5 4. Nc3 e6 5. a3 c5 6. e3 Nc6 7. Be2 Be7 8. O-O O-O 9. dxc5 Bxc5 10. Nh4 Bg6 11. Nxg6 hxg6 12. Qc1 Qc7 13. Rd1 a6 14. Bxf6 gxf6 15. Nb1 b5 16. Nd2 Kg7 17. a4 b4 18. c4 bxc3 19. Qxc3 Bd6 20. Nf3 Rfc8 21. Rac1 Qb7 22. Qd2 a5 23. Bb5 Bb4 24. Qd3 Bd6 25. Rxc6 Rxc6 26. Bxc6 Qxc6 27. b3 Be5 28. h3 Rb8 29. Kf1 Qb6 30. Rb1 Rc8 31. Nd4 Bxd4 32. Qxd4 Qxd4 33. exd4 Rc2 34. Ke1 e5 35. b4 axb4 36. Rxb4 Ra2 37. g3 e4 38. Rb5 Rxa4 39. Rxd5 Ra2 40. Rd8 f5 41. h4 Kf6 42. Rd6+ Ke7 43. Rd5 Ke6 44. Rd8 Ke7 45. Rd5 Ke6 46. Rd8 1/2-1/2

[Event "58th Akiba Rubinstein C 2022"]
[Site "Polanica-Zdroj"]
[Date "2022.08.20"]
[Round "8.1"]
[White "Shilov, Sergej"]
[Black "Fikus, Zygmunt"]
[Result "1-0"]
[ECO "C10"]
[WhiteElo "2048"]
[BlackElo "1891"]
[Annotator "NA RC"]
[PlyCount "56"]
[EventDate "2022.08.13"]
[EventCountry "POL"]
[SourceTitle "playchess.com"]
[Source "ChessBase"]
[SourceQuality "1"]
[TimeControl "40/5400+30:1800+30"]

1. e4 e6 2. d4 d5 3. Nc3 dxe4 4. Nxe4 Be7 5. Nf3 Nd7 6. Bd3 Ngf6 7. Nxf6+ Bxf6 8. Qe2 c5 9. d5 Qe7 10. dxe6 Qxe6 11. Qxe6+ fxe6 12. c3 Rb8 13. Bf4 e5 14. Bg3 b5 15. O-O O-O 16. Rfe1 b4 17. Nxe5 Nxe5 18. Bxe5 Bxe5 19. Rxe5 bxc3 20. bxc3 Rb2 21. Rxc5 Be6 22. f3 Rd8 23. Bf1 Rc2 24. Rc7 Kf8 25. Rxa7 Rxc3 26. Re1 Bg8 27. a4 Rc2 28. a5 Rdd2 1-0

[Event "58th Akiba Rubinstein C 2022"]
[Site "Polanica-Zdroj"]
[Date "2022.08.20"]
[Round "8.2"]
[White "Zowada, Kazimierz"]
[Black "Gromczak, Dariusz"]
[Result "0-1"]
[ECO "A40"]
[WhiteElo "2041"]
[BlackElo "1906"]
[Annotator "NA RC"]
[PlyCount "60"]
[EventDate "2022.08.13"]
[EventCountry "POL"]
[SourceTitle "playchess.com"]
[Source "ChessBase"]
[SourceQuality "1"]
[TimeControl "40/5400+30:1800+30"]

1. d4 g6 2. Nf3 Bg7 3. e4 a6 4. Bd3 d6 5. c3 Nd7 6. O-O e6 7. Bg5 Ne7 8. Qd2 h6 9. Be3 b6 10. c4 c5 11. Nc3 Nc6 12. d5 Nd4 13. dxe6 fxe6 14. Bf4 e5 15. Be3 O-O 16. Ne1 g5 17. Nd5 Nf6 18. h4 Nxd5 19. exd5 g4 20. Bxh6 Qxh4 21. Bg5 Qh5 22. Bh6 Qh4 23. Bg5 Qh5 24. Be7 Qh4 25. Bg5 Qh5 26. Be7 Bh6 27. Qd1 Bg7 28. Qd2 Bh6 29. Qd1 Rf3 30. Be4 g3 0-1

[Event "58th Akiba Rubinstein C 2022"]
[Site "Polanica-Zdroj"]
[Date "2022.08.20"]
[Round "8.3"]
[White "Gromada, Andrzej"]
[Black "Marusenko, Petr"]
[Result "0-1"]
[ECO "B10"]
[WhiteElo "1680"]
[BlackElo "2075"]
[Annotator "NA RC"]
[PlyCount "93"]
[EventDate "2022.08.13"]
[EventCountry "POL"]
[SourceTitle "playchess.com"]
[Source "ChessBase"]
[SourceQuality "1"]
[TimeControl "40/5400+30:1800+30"]

1. e4 c6 2. c4 d5 3. exd5 cxd5 4. cxd5 Nf6 5. Nc3 Nxd5 6. Nf3 Nxc3 7. bxc3 g6 8. Bc4 Bg7 9. d4 O-O 10. O-O Nc6 11. h3 Qc7 12. Bd3 Na5 13. Bc4 Nc6 14. Bd3 Na5 15. Bc4 Nc6 16. Bd3 Na5 17. Bg5 Nc6 18. Bc1 Na5 19. Bg5 Be6 20. Bc1 Bc8 21. Bg5 Be6 22. Qe2 Rfe8 23. Rac1 Bc4 24. Rfe1 Rac8 25. Rf1 Ra8 26. Rfe1 Rac8 27. Qe3 Ra8 28. Qe2 Rac8 29. Qe3 Ra8 30. Qe2 Rac8 31. Qe3 Ra8 32. Qe2 Rac8 33. Qe3 Bxd3 34. Qxd3 Nc4 35. Qe4 Nd6 36. Qe3 Nc4 37. Qe4 Nd6 38. Qh4 Nf5 39. Qe4 e6 40. Bf4 Qc6 41. Bg5 Qc7 42. Bf4 Qc6 43. Bg5 Qc7 44. Bf4 Qc6 45. Qd3 Qc4 46. Qe4 Bf8 47. a3 0-1

[Event "58th Akiba Rubinstein C 2022"]
[Site "Polanica-Zdroj"]
[Date "2022.08.20"]
[Round "8.4"]
[White "fainberg, Boris"]
[Black "Kwiecien, Zbigniew"]
[Result "1-0"]
[ECO "E73"]
[WhiteElo "2015"]
[BlackElo "1937"]
[Annotator "NA RC"]
[PlyCount "152"]
[EventDate "2022.08.13"]
[EventCountry "POL"]
[SourceTitle "playchess.com"]
[Source "ChessBase"]
[SourceQuality "1"]
[TimeControl "40/5400+30:1800+30"]

1. d4 Nf6 2. c4 g6 3. Nc3 Bg7 4. e4 d6 5. Be2 O-O 6. Bg5 h6 7. Be3 Kh7 8. g4 Rh8 9. h4 Kg8 10. f3 c6 11. Qc2 Na6 12. Qd1 Nb8 13. Qc2 Na6 14. Qd1 Nb8 15. Qc2 Na6 16. Qd1 Nb8 17. Qc2 Na6 18. Qd1 Nb8 19. Qc2 Na6 20. Rd1 Qc7 21. Ra1 Qd8 22. Rd1 Qc7 23. Qb1 Qd8 24. Qc2 Qc7 25. Qb1 Bd7 26. Nh3 Bc8 27. Ng1 Bd7 28. Nh3 Bc8 29. Ng1 Bd7 30. Nh3 e5 31. d5 c5 32. Nf2 h5 33. g5 Ne8 34. a3 Kh7 35. Bf1 Rf8 36. Be2 Rh8 37. Bf1 Rf8 38. Be2 Rh8 39. Bf1 Rf8 40. Bh3 Rd8 41. Ke2 Nb8 42. Nb5 Na6 43. Nc3 Nb8 44. Nb5 Bxb5 45. cxb5 Qa5 46. Qd3 Nc7 47. b4 cxb4 48. axb4 Qxb5 49. Bxa7 Nba6 50. Be3 Nb8 51. Ba7 Nba6 52. Be3 Nb8 53. Ba7 Nba6 54. Rb1 Ra8 55. Be3 Rad8 56. Ba7 Ra8 57. Be3 Rad8 58. Ba7 Ra8 59. Be3 f5 60. Rhc1 fxe4 61. fxe4 Nxb4 62. Qxb5 Ra2+ 63. Kf1 Raa8 64. Ke2 Ra2+ 65. Kf1 Nxb5 66. Rxb4 Nd4 67. Rbb1 Nb5 68. Rb4 Nd4 69. Rbc4 Nb5 70. Rb4 Nd4 71. Rbc4 Nb5 72. Rb4 Nd4 73. Rbc4 b5 74. Rc8 Rf3 75. Bxd4 exd4 76. R1c2 d3 1-0

[Event "58th Akiba Rubinstein C 2022"]
[Site "Polanica-Zdroj"]
[Date "2022.08.20"]
[Round "8.5"]
[White "Szylko, Waldemar"]
[Black "Kawula, Andrzej"]
[Result "0-1"]
[ECO "C00"]
[WhiteElo "1911"]
[BlackElo "1870"]
[Annotator "NA RC"]
[PlyCount "312"]
[EventDate "2022.08.13"]
[EventCountry "POL"]
[SourceTitle "playchess.com"]
[Source "ChessBase"]
[SourceQuality "1"]
[TimeControl "40/5400+30:1800+30"]

1. e4 e6 2. Qe2 c5 3. Nc3 Nc6 4. g3 g6 5. Bg2 Bg7 6. d3 Nge7 7. Bg5 Qb6 8. Bc1 Qd8 9. Bg5 Qb6 10. Bc1 O-O 11. f4 d5 12. e5 f6 13. exf6 Bxf6 14. Nf3 Nd4 15. Ng1 Ndc6 16. Nf3 Nd4 17. Qd1 Ndc6 18. Qe2 Nd4 19. Qd1 Ndc6 20. Qe2 Nd4 21. Qd1 Nxf3+ 22. Bxf3 Nf5 23. O-O c4+ 24. Kh1 cxd3 25. Qxd3 Bd7 26. Qd1 Bc8 27. Qd3 Bd7 28. a4 Rac8 29. Nd1 Ra8 30. Nc3 Rac8 31. Nd1 Ra8 32. Nc3 Rac8 33. Nd1 Bc6 34. c3 d4 35. c4 e5 36. fxe5 Bxe5 37. Bf4 Bf6 38. Bc1 Be5 39. Bf4 Bf6 40. Bc1 Be5 41. Bf4 Bxf4 42. gxf4 Rfe8 43. Ra3 Rf8 44. Ra1 Rfe8 45. Ra3 Rf8 46. Ra1 Rfe8 47. Ra3 Ne3 48. Nxe3 Rxe3 49. Qd1 Rce8 50. Rxe3 Rxe3 51. Bd5+ Bxd5+ 52. cxd5 Qc5 53. f5 Qxd5+ 54. Kg1 Re5 55. Rf3 Re3 56. Rf1 Re5 57. Rf3 Rxf5 58. Rxf5 gxf5 59. Qh5 Qe6 60. Kf1 Qd5 61. Kg1 Qe6 62. Kf1 Qe3 63. Qxf5 Qc1+ 64. Kg2 Qxb2+ 65. Kh3 Qb6 66. Kg2 Qb2+ 67. Kh3 Qb6 68. Kg2 Qb2+ 69. Kh3 Qb6 70. Kg2 Qb2+ 71. Kh3 Qb6 72. Qd5+ Kg7 73. a5 Qh6+ 74. Kg3 Qb6 75. Kh3 Qh6+ 76. Kg3 Qb6 77. Kh3 Qh6+ 78. Kg3 Qg6+ 79. Kh3 Qh6+ 80. Kg3 Qg6+ 81. Kh3 Qh6+ 82. Kg3 Qg6+ 83. Kh3 Qh6+ 84. Kg3 Qg6+ 85. Kh3 Qd3+ 86. Kh4 Qg6 87. Kh3 Qd3+ 88. Kh4 Qa6 89. Kh3 Qh6+ 90. Kg3 Qg6+ 91. Kh3 Qd3+ 92. Kh4 Qa6 93. Kh3 Qh6+ 94. Kg3 Qg6+ 95. Kh3 Qd3+ 96. Kh4 Qa6 97. Kh3 Qh6+ 98. Kg3 Qg6+ 99. Kh3 Qd3+ 100. Kh4 Qa6 101. Kh3 d3 102. Qg5+ Kf8 103. Qd5 Kg7 104. Qg5+ Kf8 105. Qc5+ Ke8 106. Qh5+ Kf8 107. Qc5+ Ke8 108. Qh5+ Kf8 109. Qc5+ Ke8 110. Qh5+ Kf8 111. Qc5+ Ke8 112. Qh5+ Qg6 113. Qb5+ Qc6 114. Qd5 Qa6 115. Qh5+ Qg6 116. Qb5+ Qc6 117. Qh5+ Qg6 118. Qb5+ Qc6 119. Qh5+ Qg6 120. Qb5+ Qc6 121. Qh5+ Kd8 122. Qd5+ Ke8 123. Qh5+ Kd8 124. Qg5+ Kc7 125. Qd5 Qd6 126. Qg5 Qc6 127. Qf4+ Qd6 128. Qd2 Qe6+ 129. Kg3 Qc6 130. Kh3 Qe6+ 131. Kg3 Qe5+ 132. Kh3 Qd4 133. Qc1+ Kb8 134. Qd2 a6 135. Kg3 Ka7 136. Kh3 Kb8 137. Kg3 Ka7 138. Kh3 h5 139. Kg2 Qe4+ 140. Kg1 Qg4+ 141. Kh1 Qf3+ 142. Kg1 Qg4+ 143. Kh1 Qf3+ 144. Kg1 Qg4+ 145. Kh1 Qe4+ 146. Kg1 Qd4+ 147. Kg2 Qe4+ 148. Kg1 Qg4+ 149. Kh1 Qf3+ 150. Kg1 Qg4+ 151. Kh1 Qe4+ 152. Kg1 Qd4+ 153. Kg2 h4 154. Kh3 Kb8 155. Kg2 Qg4+ 156. Kh1 h3 0-1

[Event "58th Akiba Rubinstein C 2022"]
[Site "Polanica-Zdroj"]
[Date "2022.08.20"]
[Round "8.6"]
[White "Kruczynski, Marek"]
[Black "Grubiak, Roman"]
[Result "1/2-1/2"]
[ECO "C00"]
[WhiteElo "1651"]
[BlackElo "1637"]
[Annotator "NA"]
[PlyCount "259"]
[EventDate "2022.08.13"]
[EventCountry "POL"]
[SourceTitle "playchess.com"]
[Source "ChessBase"]
[SourceQuality "1"]
[TimeControl "40/5400+30:1800+30"]

1. e4 e6 2. d3 d5 3. Qe2 dxe4 4. dxe4 Bd7 5. g3 Nc6 6. c3 h5 7. Nf3 e5 8. Be3 Be7 9. Nbd2 h4 10. Bg2 hxg3 11. hxg3 Rxh1+ 12. Bxh1 Bf6 13. Bg2 Be7 14. Bh1 Bf6 15. Bg2 Be7 16. Bh1 Bf6 17. O-O-O Qe7 18. Nb3 b6 19. Nfd2 O-O-O 20. f4 Kb8 21. f5 Bg5 22. Nf3 Bxe3+ 23. Qxe3 Nf6 24. Qe2 Ng8 25. Qe3 Nf6 26. Qe2 Ng8 27. Qe3 Nf6 28. Nh4 Ng8 29. Nf3 Nf6 30. Nh4 Bc8 31. Nf3 Bd7 32. Nh4 Bc8 33. Bf3 Rxd1+ 34. Kxd1 Ne8 35. Kc2 Nd6 36. Nd2 Ne8 37. Nb3 Nd6 38. Nd2 Qf8 39. Nb3 Qe7 40. Nd2 Qf8 41. Qd3 Bb7 42. Qe3 Bc8 43. Qd3 Bb7 44. Qe3 Bc8 45. Qd3 Bb7 46. Qe3 Bc8 47. Qd3 Bb7 48. Qe3 Bc8 49. Qd3 Bb7 50. Qe3 Bc8 51. Qd3 Bb7 52. Qe3 Na5 53. Nb3 Nc6 54. Nd2 Na5 55. Nb3 Nc6 56. Nd2 Na5 57. Be2 Nc6 58. Bf3 Na5 59. Be2 c5 60. b3 Nc6 61. Ng2 Na5 62. Nh4 Nc6 63. Ng2 Na5 64. Nh4 Nc6 65. Ng2 Ne7 66. Nh4 Nc6 67. Ng2 Ne7 68. Nh4 f6 69. Bd3 Qc8 70. Be2 Qf8 71. Bd3 Qc8 72. Be2 Qf8 73. Bd3 Qc8 74. Be2 Qf8 75. Bd3 Qc8 76. Nhf3 b5 77. Kb2 Qc6 78. Kc2 Qc8 79. Kb2 Qc6 80. Kc2 Qc8 81. Kb2 Qc6 82. Kc2 Qc8 83. Kb2 Qc6 84. g4 b4 85. cxb4 cxb4 86. Bc2 Nec8 87. Bd3 Ne7 88. Bc2 Nec8 89. Bd3 Ne7 90. Bc2 Nec8 91. Bd3 Ne7 92. Bc2 Nec8 93. Ne1 Ne7 94. Nef3 Nec8 95. Ne1 Qb6 96. Qxb6 Nxb6 97. Nef3 a5 98. g5 Nd7 99. gxf6 gxf6 100. Nh2 Kc7 101. Ng4 Kd8 102. Nh2 Kc7 103. Ng4 Kd8 104. Nh2 Kc7 105. Ng4 Kd8 106. a4 Ke8 107. Nf2 Nc5 108. Kc1 Nd7 109. Kb2 Nc5 110. Kc1 Kf8 111. Kb2 Ke8 112. Kc1 Kf8 113. Kd1 Kg7 114. Ke2 Kh6 115. Ke3 Kg5 116. Nf3+ Kh6 117. Nd2 Kg5 118. Nf3+ Kh6 119. Nd2 Kg5 120. Nf3+ Kh6 121. Nd2 Bc6 122. Ke2 Bb7 123. Ke3 Kg5 124. Nf3+ Kh6 125. Nd2 Bc6 126. Bd1 Bb7 127. Bc2 Kg5 128. Nf3+ Kh6 129. Nd2 Bc6 130. Bd1 1/2-1/2

[Event "58th Akiba Rubinstein C 2022"]
[Site "Polanica-Zdroj"]
[Date "2022.08.20"]
[Round "8.7"]
[White "Pyka, Roman"]
[Black "Chubar, Vladimir"]
[Result "1/2-1/2"]
[ECO "A26"]
[WhiteElo "1881"]
[BlackElo "1809"]
[Annotator "NA RC"]
[PlyCount "97"]
[EventDate "2022.08.13"]
[EventCountry "POL"]
[SourceTitle "playchess.com"]
[Source "ChessBase"]
[SourceQuality "1"]
[TimeControl "40/5400+30:1800+30"]

1. g3 g6 2. c4 Bg7 3. Nc3 e5 4. Bg2 Nc6 5. d3 d6 6. Nf3 Nge7 7. O-O O-O 8. h3 h6 9. e4 Be6 10. Be3 Qd7 11. Bc1 Qd8 12. Be3 Qd7 13. Bc1 Qd8 14. Be3 Qd7 15. Kh2 Qd8 16. Kg1 Qd7 17. Kh2 Nd4 18. Bxd4 exd4 19. Ne2 c5 20. Nf4 b5 21. b3 bxc4 22. bxc4 Rfb8 23. Qc2 Rb6 24. Qd1 Rbb8 25. Qc2 Rb6 26. Rab1 Rbb8 27. Ra1 Rb6 28. Rab1 Rab8 29. Ra1 Ra8 30. Rab1 Rab8 31. Rxb6 Rxb6 32. Rb1 Qb7 33. Rf1 Qd7 34. Rb1 Qb7 35. Rf1 Qd7 36. Rb1 Qb7 37. Nd2 Nc6 38. Nf3 Ne7 39. Nd2 Nc6 40. Rxb6 Qxb6 41. Nf3 Qb7 42. Nd2 Qb6 43. Nf3 Qb7 44. Nd2 Qb6 45. Nf3 Qb7 46. Nd2 Qb6 47. Qb3 h5 48. Nd5 Bxd5 49. Nf1 1/2-1/2

[Event "58th Akiba Rubinstein C 2022"]
[Site "Polanica-Zdroj"]
[Date "2022.08.20"]
[Round "8.8"]
[White "Tchorzewski, Kazimierz"]
[Black "Mazalon, Mariusz"]
[Result "1/2-1/2"]
[ECO "B27"]
[WhiteElo "1670"]
[BlackElo "1994"]
[Annotator "NA RC"]
[PlyCount "139"]
[EventDate "2022.08.13"]
[EventCountry "POL"]
[SourceTitle "playchess.com"]
[Source "ChessBase"]
[SourceQuality "1"]
[TimeControl "40/5400+30:1800+30"]

1. e4 c5 2. Nf3 g6 3. d4 Bg7 4. c3 cxd4 5. Nxd4 Nc6 6. Nb3 Nf6 7. Bd3 O-O 8. Bg5 d5 9. Qe2 dxe4 10. Bxe4 Nxe4 11. Qxe4 h6 12. Bh4 g5 13. Bg3 f5 14. Qc4+ Kh8 15. f3 f4 16. Bf2 Ne5 17. Qe2 g4 18. Bd4 gxf3 19. gxf3 Qd5 20. N1d2 Bf5 21. Nb1 Bc8 22. N1d2 Bf5 23. Nb1 Bc8 24. N1d2 Bf5 25. Nb1 Bc8 26. N1d2 Bf5 27. Bxe5 Bxe5 28. Ne4 Bxe4 29. Qxe4 Qxe4+ 30. fxe4 f3 31. Kf2 Rad8 32. Rad1 Rxd1 33. Rxd1 Bxh2 34. Rd3 Be5 35. Rd1 Bh2 36. Rd3 e5 37. Rxf3 Bf4 38. Rd3 Bh2+ 39. Rf3 Bf4 40. Nc5 Bh2 41. Nb3 Bf4 42. Nc5 Bh2 43. Nb3 Bf4 44. Nc5 Bh2 45. Nb3 Bf4 46. Nc5 Rf6 47. Nb3 Rf8 48. Nc5 Rf6 49. b4 b6 50. Nd3 Kg7 51. c4 Kg6 52. c5 bxc5 53. bxc5 Kg5 54. Nb4 a5 55. Nd5 Rc6 56. Rc3 Bd2 57. Rf3 Bf4 58. Rc3 Bd2 59. Rg3+ Kh4 60. Rd3 Kg5 61. Rg3+ Kh4 62. Rd3 Bg5 63. Rc3 Kg4 64. Rg3+ Kh4 65. Rc3 Kg4 66. Rg3+ Kh4 67. Rc3 Kg4 68. Rg3+ Kh5 69. Rc3 Kg4 70. Rg3+ 1/2-1/2

[Event "58th Akiba Rubinstein C 2022"]
[Site "Polanica-Zdroj"]
[Date "2022.08.20"]
[Round "8.9"]
[White "Krasowski, Slawomir"]
[Black "Szydelko, Kazimierz"]
[Result "0-1"]
[ECO "B20"]
[WhiteElo "1855"]
[BlackElo "1661"]
[Annotator "NA RC"]
[PlyCount "98"]
[EventDate "2022.08.13"]
[EventCountry "POL"]
[SourceTitle "playchess.com"]
[Source "ChessBase"]
[SourceQuality "1"]
[TimeControl "40/5400+30:1800+30"]

1. e4 c5 2. g3 Nc6 3. Bg2 g6 4. Ne2 Bg7 5. O-O e6 6. Nbc3 Nge7 7. f4 O-O 8. e5 d5 9. exd6 Nf5 10. Ne4 Nxd6 11. N2c3 Nxe4 12. Nxe4 b6 13. h4 Bb7 14. c3 Ne7 15. Nf6+ Bxf6 16. Bxb7 Rb8 17. Be4 Nf5 18. Kh2 Bxh4 19. Bxf5 gxf5 20. Qh5 Bf6 21. Kg2 Bg7 22. Rh1 h6 23. g4 Qd5+ 24. Kg1 Qf3 25. gxf5 Qg3+ 26. Kf1 Qxf4+ 27. Ke1 exf5 28. Rg1 Rfe8+ 29. Kd1 Re6 30. Kc2 c4 31. b3 Rd8 32. bxc4 Qxc4 33. Qxf5 Rd5 34. Qg4 Rd8 35. Qf5 Rd5 36. Qg4 Qd3+ 37. Kb3 Qc4+ 38. Kc2 Qd3+ 39. Kb3 Qc4+ 40. Kc2 Qd3+ 41. Kb3 Qc4+ 42. Kc2 Qd3+ 43. Kb3 Rg5 44. Qd1 Rb5+ 45. Ka3 Rd5 46. Kb3 Rb5+ 47. Ka3 Rd5 48. Kb3 Rb5+ 49. Ka3 Ree5 0-1

[Event "58th Akiba Rubinstein C 2022"]
[Site "Polanica-Zdroj"]
[Date "2022.08.20"]
[Round "8.10"]
[White "Swierczynski, Stanislaw"]
[Black "Bukowska, Katarzyna"]
[Result "1/2-1/2"]
[ECO "C68"]
[WhiteElo "1626"]
[BlackElo "1842"]
[Annotator "NA"]
[PlyCount "75"]
[EventDate "2022.08.13"]
[EventCountry "POL"]
[SourceTitle "playchess.com"]
[Source "ChessBase"]
[SourceQuality "1"]
[TimeControl "40/5400+30:1800+30"]

1. e4 e5 2. Nf3 Nc6 3. Bb5 a6 4. Bxc6 dxc6 5. O-O Bg4 6. h3 Bh5 7. d3 Qf6 8. Be3 Bxf3 9. Qxf3 Qxf3 10. gxf3 O-O-O 11. f4 Bd6 12. f5 f6 13. Nd2 g6 14. fxg6 hxg6 15. Kg2 g5 16. f3 Ne7 17. Rh1 Ng6 18. Nf1 Rdg8 19. Nh2 Kd7 20. Ng4 Ke6 21. Nh2 Kd7 22. Ng4 Ke6 23. Rad1 Rd8 24. b3 Bb4 25. a4 Bc3 26. Kg3 Bb4 27. Kg2 Bc3 28. Kg3 Rd7 29. Kg2 Rdd8 30. Kg3 Rd7 31. Kg2 Rdd8 32. Kg3 Rd7 33. Kg2 Nh4+ 34. Kg3 Rdd8 35. Bd2 Bxd2 36. Rxd2 Ng6 37. Ne3 a5 38. Nf5 1/2-1/2